 Dungeon Crawl Stone Soup version 0.29.0-4-gdea44cf6ec (webtiles) character file.

Game seed: 10048843964183945240

60 Godmorgon the Thaumaturge (level 4, 0/32 HPs)
             Began as a Gnoll Wanderer on Aug 26, 2022.
             Succumbed to an adder's poison
             ... on level 2 of the Dungeon.
             The game lasted 00:11:36 (2311 turns).

Godmorgon the Thaumaturge (Gnoll Wanderer)          Turns: 2311, Time: 00:11:37

Health: 0/32       AC:  7    Str: 13 (14) XL:     4   Next: 6%
Magic:  17/17      EV: 11    Int:  9 (12) God:
Gold:   50         SH:  0    Dex:  7 (10) Spells: 24/25 levels left

rFire   . . .      SeeInvis +   a - +0 dagger
rCold   . . .      Faith    .   (no shield)
rNeg    . . .      Spirit   .   d - +0 robe
rPois   .          Reflect  .   (no helmet)
rElec   .          Harm     .   (no cloak)
rCorr   .          Rampage  .   (no gloves)
Will    .....                   k - +0 pair of boots
Stlth   ++........              (no amulet)
HPRegen 0.10/turn               e - +4 ring of protection
MPRegen 0.15/turn               g - ring of see invisible

@: brilliant, lethally poisoned (0 -> -1)
A: fangs 1, strong nose, distributed training
a: no special abilities


You were on level 2 of the Dungeon.
You visited 1 branch of the dungeon, and saw 2 of its levels.

You collected 50 gold pieces.

Inventory:

Hand Weapons
 a - a +0 dagger (weapon)
Missiles
 b - 6 boomerangs (quivered)
 f - 22 stones
Armour
 d - a +0 robe (worn)
 k - a +0 pair of boots (worn)
Jewellery
 e - a +4 ring of protection (left hand)
 g - a ring of see invisible (right hand)
Scrolls
 h - a scroll of amnesia
Potions
 m - 2 potions of cancellation


   Skills:
 + Level 1.0 Fighting
 + Level 1.0 Short Blades
 + Level 1.0 Long Blades
 + Level 1.0 Axes
 + Level 1.0 Maces & Flails
 + Level 1.0 Polearms
 + Level 1.0 Staves
 + Level 1.0 Ranged Weapons
 + Level 4.6 Throwing
 + Level 1.0 Armour
 + Level 1.0 Dodging
 + Level 2.5 Stealth
 + Level 1.0 Shields
 + Level 1.0 Unarmed Combat
 + Level 11.3 Spellcasting
 + Level 0.8 Conjurations
 + Level 2.2 Hexes
 + Level 0.8 Summonings
 + Level 0.8 Necromancy
 + Level 0.8 Translocations
 + Level 0.8 Transmutations
 + Level 0.8 Fire Magic
 + Level 0.8 Ice Magic
 + Level 0.8 Air Magic
 + Level 0.8 Earth Magic
 + Level 0.8 Poison Magic
 + Level 1.1 Invocations
 + Level 1.0 Evocations


You had 24 spell levels left.
You knew the following spells:

 Your Spells              Type           Power      Damage    Failure   Level
a - Slow                  Hex            52%        N/A       5%          1

Your spell library contained the following spells:

 Spells                   Type           Power      Damage    Failure   Level
 Sandblast                Erth           18%        2d7       10%         1
 Scorch                   Fire           18%        2d6       14%         2
 Dazzling Flash           Conj/Hex       22%        N/A       21%         3
 Frozen Ramparts          Ice            18%        1d3       28%         3
 Ozocubu's Armour         Ice            9%         N/A       28%         3
 Ice Form                 Ice/Tmut       9%         N/A       67%         4
 Summon Ice Beast         Ice/Summ       9%         N/A       67%         4


Dungeon Overview and Level Annotations

Branches:
Dungeon (2/15)

Altars:


Innate Abilities, Weirdness & Mutations

You have very sharp teeth.
Your uncanny sense of smell can sniff out nearby items.
Your experience applies equally to all skills.


Message History

m - 2 potions of cancellation You feel sick.
A bat comes into view.
The adder bites you but does no damage.
The endoplasm hits you but does no damage.
The bat moves out of view.
You aren't carrying any items that you can evoke.
Unknown command.
Unknown command.
You hit the endoplasm but do no damage. Your bite misses the endoplasm.
You feel sick. The adder bites you. The endoplasm barely misses you.
You barely miss the endoplasm.
You feel sick. The adder bites you. The endoplasm barely misses you.
The adder barely misses you.
Okay, then.
It was a potion of degeneration.
There was something very wrong with that liquid.
You feel weakened.
You feel dopey.
You feel clumsy.
You feel sick. The adder misses you. The endoplasm barely misses you.
It was a potion of brilliance.
You feel clever all of a sudden.
You feel sick. The adder misses you. The endoplasm hits you.
* * * LOW HITPOINT WARNING * * *
Memorise Sandblast, consuming 1 spell level and leaving 23?
You feel sick. The adder closely misses you. The endoplasm barely misses you.
You start memorising the spell.
You continue memorising.
You feel sick. The adder bites you but does no damage.
Your memorisation is interrupted.
The adder completely misses you. The endoplasm freezes you.
You are frozen.
* * * LOW HITPOINT WARNING * * *
Throw: 6 boomerangs
Press: ? - help, Q - select action, (/) - cycle Shift-Dir - straight line, f - endoplasm
Aim: an endoplasm (84% to hit)
Okay, then.
Casting: Slow (safe; 5% risk of failure)
Confirm with . or Enter, or press ? or * to list all spells.
You don't know that spell.
Unknown command.
Unknown command.
You die...

##.......## ##..##.#
#........÷####...##.#
+.........'..........
#....b....####...####
#..$......# #.......
##........# #.######
##S.####..##.# #J##
#.##.# #@# .##.# #S#
.##.# #J# ∆∆ #.. ..w
..## #.. #..


You could see a worm, 2 adders, 2 endoplasms and a bat.

Vanquished Creatures
  Natasha (D:2)
  An adder (D:2)
  A dart slug (D:1)
  A bat (D:2)
  2 endoplasms (D:1)
  2 giant cockroaches (D:1)
  6 hobgoblins
  4 ball pythons (D:1)
  3 frilled lizards (D:1)
  2 goblins (D:1)
  3 rats (D:1)
26 creatures vanquished.

Notes
Turn   | Place    | Note
-------+----------+-------------------------------------------
     0 | D:1      | Reached skill level 11 in Spellcasting
     0 | D:1      | Godmorgon the Gnoll Wanderer began the quest for the Orb.
     0 | D:1      | Godmorgon set off with the following items: a +0 dagger, 9
                  | boomerangs, a potion of curing, a +0 robe; and the
                  | following spells available to memorise: Slow, Sandblast,
                  | Scorch, Dazzling Flash, Frozen Ramparts, Ozocubu's Armour.
     0 | D:1      | Reached XP level 1. HP: 13/13 MP: 12/12
     2 | D:1      | Learned a level 1 spell: Slow
   334 | D:1      | Reached XP level 2. HP: 19/19 MP: 10/14
  1478 | D:1      | Reached XP level 3. HP: 17/25 MP: 11/15
  1720 | D:2      | Noticed Natasha
  1734 | D:2      | Killed Natasha
  1735 | D:2      | Reached skill level 1 in Fighting
  1735 | D:2      | Reached skill level 1 in Short Blades
  1735 | D:2      | Reached skill level 1 in Long Blades
  1735 | D:2      | Reached skill level 1 in Axes
  1735 | D:2      | Reached skill level 1 in Maces & Flails
  1735 | D:2      | Reached skill level 1 in Polearms
  1735 | D:2      | Reached skill level 1 in Staves
  1735 | D:2      | Reached skill level 1 in Ranged Weapons
  1735 | D:2      | Reached skill level 1 in Armour
  1735 | D:2      | Reached skill level 1 in Dodging
  1735 | D:2      | Reached skill level 1 in Shields
  1735 | D:2      | Reached skill level 1 in Unarmed Combat
  1735 | D:2      | Reached skill level 1 in Invocations
  1735 | D:2      | Reached skill level 1 in Evocations
  1978 | D:2      | Found a faded altar of an unknown god.
  2065 | D:2      | Reached XP level 4. HP: 10/32 MP: 13/17
  2310 | D:2      | HP: 1/32 [frozen (5)]
  2311 | D:2      | Succumbed to an adder's poison

Illustrated notes

Levels and vault maps discovered:
D:1:      heliophobic_arrival_glass_houses, layout_basic
D:2:      layout_loops_corners, chequers_ecumenical_altar_simple_redux,
          minmay_close_crescents, uniq_natasha, uniq_robin

Skill      XL: |  1  2  3 |
---------------+----------+-----
Spellcasting   | | 11.3
Hexes          | 2 |  2.2
Fighting       | 1 |  1.0
Short Blades   | 1 |  1.0
Long Blades    | 1 |  1.0
Axes           | 1 |  1.0
Maces & Flails | 1 |  1.0
Polearms       | 1 |  1.0
Staves         | 1 |  1.0
Ranged Weapons | 1 |  1.0
Armour         | 1 |  1.0
Dodging        | 1 |  1.0
Shields        | 1 |  1.0
Unarmed Combat | 1 |  1.0
Invocations    | 1 |  1.1
Evocations     | 1 |  1.0
Throwing       | |  4.6
Stealth        | |  2.5
Conjurations   | |  0.8
Summonings     | |  0.8
Necromancy     | |  0.8
Translocations | |  0.8
Transmutations | |  0.8
Fire Magic     | |  0.8
Ice Magic      | |  0.8
Air Magic      | |  0.8
Earth Magic    | |  0.8
Poison Magic   | |  0.8

Action                   |  1- 3 |  4- 6 || total
-------------------------+-------+-------++-------
Melee: Dagger            |   116 |    16 ||   132
       Bite              |    10 |     2 ||    12
       Punch             |     1 |       ||     1
Throw: Boomerang         |    39 |     1 ||    40
 Cast: Slow              |    27 |     1 ||    28
  Use: Potion            |     1 |     2 ||     3
       Scroll            |       |     2 ||     2
 Stab: Sleeping          |     2 |       ||     2
Armor: Robe              |    53 |     9 ||    62
Dodge: Dodged            |    78 |    17 ||    95
